 Dungeon Crawl Stone Soup version 0.31-a0-844-gdc52ec4e09 (webtiles) character file.

Game seed: 17383770691869479310

462 lonewolfV2 the Shield-Bearer (level 7, -2/55 HPs)
             Began as a Formicid Fighter on Sept 29, 2023.
             Slain by a gnoll
             ... wielding a +0 halberd
              (9 damage)
             ... on level 5 of the Dungeon.
             The game lasted 00:06:27 (3435 turns).

lonewolfV2 the Shield-Bearer (Formicid Fighter)     Turns: 3435, Time: 00:06:27

Health: -2/55      AC:  7    Str: 22    XL:     7   Next: 28%
Magic:  7/7        EV: 10    Int: 11    God:
Gold:   194        SH:  6    Dex: 13    Spells: 6/6 levels left

rFire   . . .        k - +8 short sword of Usanenn {heavy, Int+3}
rCold   . . .        c - +1 buckler
rNeg    . . .        b - +0 scale mail
rPois   .            (helmet unavailable)
rElec   .            (no cloak)
rCorr   .            (no gloves)
SInv    +            (no boots)
Will    .....        (no amulet) Stlth
                     (no ring)
HPRegen 0.29/turn    (no ring)
MPRegen 0.10/turn

%: no passive effects
@: no status effects
A: permanent stasis, dig shafts and tunnels, antennae 3, four strong arms
a: Dig, Shaft Self


You were on level 5 of the Dungeon.
You visited 1 branch of the dungeon, and saw 5 of its levels.

You collected 194 gold pieces.

Inventory:

Hand Weapons
 a - a +1 war axe
 k - the +8 short sword of Usanenn (weapon) {heavy, Int+3}
   (You found it on level 2 of the Dungeon)

   Int+3:     It affects your intelligence (+3).
Missiles
 f - a throwing net
Armour
 b - a +0 scale mail (worn)
 c - a +1 buckler (worn)
Scrolls
 p - a scroll of enchant armour
 s - a scroll of enchant weapon
Potions
 d - a potion of enlightenment
 e - a potion of brilliance
 g - a potion of mutation {unknown}
 h - a potion of cancellation
 i - a potion of lignification
 j - 2 potions of haste
 m - 2 potions of berserk rage
 n - a potion of resistance {unknown}
 r - a potion of might


   Skills:
 + Level 4.8 Fighting
 + Level 2.7 Short Blades
 + Level 2.7 Axes
 + Level 5.3 Armour
 + Level 1.3 Dodging
 + Level 0.3 Stealth
 + Level 5.4 Shields


You had 6 spell levels left.
You didn't know any spells.
Your spell library contained the following spells:

 Spells                   Type           Power      Damage    Failure   Level
 Sting                    Tmut/Pois      0%         1d3       71%         1
 Poisonous Vapours        Pois/Air       0%         N/A       85%         2
 Dazzling Flash           Conj/Hex       0%         N/A       97%         3
 Volatile Blastmotes      Fire/Tloc      0%         2d10      97%         3
 Olgreb's Toxic Radiance  Pois           0%         N/A       100%        4
 Starburst                Conj/Fire      0%         6d3       100%        6
 Maxwell's Capacitive Co  Air            0%         ∞         100%        8


Dungeon Overview and Level Annotations

Branches:
Dungeon (5/15)
 Temple: D:4-7

Altars:
Yredelemnul

Shops:
D:2 ?

Annotations:
D:4 2 transporters, Shayle's ghost, amateur DsRe
D:5 Pikel


Innate Abilities, Weirdness & Mutations

You cannot be hasted, slowed, berserked, paralysed or teleported.
You can dig through walls and to a lower floor.
You have a pair of large antennae on your head. (SInv)
Your four strong arms can wield two-handed weapons with a shield.


Message History

A gnoll comes into view. It is wielding a +0 flail.
A gnoll comes into view. It is wielding a +0 spear.
The gnoll hits you with a +0 halberd!
Things that are here:
a +0 giant club; an ogre corpse The gnoll shouts!
You puncture the gnoll!
The gnoll is heavily wounded.
The gnoll hits you with a +0 halberd! You block the gnoll's attack.
A gnoll comes into view. It is wielding a +0 halberd.
Pikel, Merchant of Souls comes into view.
He is wielding a +0 whip of electrocution, wearing a +0 robe of willpower and carrying a wand of flame.
Pikel shouts!
The gnoll shouts!
You hit the gnoll.
The gnoll is severely wounded.
You block the gnoll's attack.
You closely miss the gnoll.
The gnoll is severely wounded.
The white imp gestures at you. The puff of frost hits you!
The gnoll hits you with a +0 halberd.
You puncture the gnoll!
You kill the gnoll!
You block the gnoll's attack. The white imp spits at you.
The white imp gestures at you. The puff of frost hits you.
* * * LOW HITPOINT WARNING * * *
The gnoll attacks as it pursues you!
The gnoll hits you from afar with a +0 spear.
* * * LOW HITPOINT WARNING * * *
Pikel zaps a wand.
The puff of flame hits you!
* * * LOW HITPOINT WARNING * * *
There is a stone staircase leading up, spattered with blood here.
The gnoll blocks your attack.
The white imp hits you but does no damage.
You block the gnoll's attack. The gnoll hits you with a +0 flail.
* * * LOW HITPOINT WARNING * * *
The white imp gestures at you. The puff of frost misses you.
The gnoll hits you from afar with a +0 halberd!
You die...

..... #.# #.. ....
#..##..##....
#...#.##...##
#........... ##
##...$.... ..#
####.....K.### ...#
#.....g.5....#....##
......gg@.>.(......#
....[..........#....
..[..........### .#
.....>$.......#
.............##
........<..#.#
............##
......###+++#


You could see Pikel, 3 gnolls and a white imp.

Vanquished Creatures
  Menkaure (D:4)
  An ogre (D:5)
  An orc priest (D:4)
  An iguana (D:4)
  An orc wizard (D:4)
  2 adders
  5 gnolls
  3 worms
  A dart slug (D:1)
  5 orcs
  4 bats
  6 endoplasms
  2 giant cockroaches
  4 hobgoblins
  9 jackals
  7 kobolds
  8 quokkas
  8 ball pythons
  5 frilled lizards
  8 goblins
  A goblin zombie (D:4)
  7 rats
90 creatures vanquished.

Vanquished Creatures (collateral kills)
  A goblin (D:2)
  A kobold (D:2)
2 creatures vanquished.

Grand Total: 92 creatures vanquished

Notes
Turn   | Place    | Note
-------+----------+-------------------------------------------
     0 | D:1      | lonewolfV2 the Formicid Fighter began the quest for the
                  | Orb.
     0 | D:1      | Reached XP level 1. HP: 18/18 MP: 1/1
   124 | D:1      | Reached XP level 2. HP: 20/24 MP: 2/2
   467 | D:1      | Reached XP level 3. HP: 29/29 MP: 3/3
   845 | D:2      | Found Acrovify's Magic Scroll Emporium.
  1009 | D:2      | Identified the +8 short sword of Usanenn {heavy, Int+3}
  1078 | D:2      | Reached XP level 4. HP: 33/37 MP: 4/4
  2099 | D:4      | Reached XP level 5. HP: 38/42 MP: 5/5
  2181 | D:4      | HP: 2/43 [orc priest/divine providence (11)]
  2185 | D:4      | Reached skill level 1 in Short Blades
  2185 | D:4      | Reached skill level 5 in Shields
  2185 | D:4      | Reached XP level 6. HP: 29/49 MP: 6/6
  2427 | D:4      | Noticed a black bear
  2430 | D:4      | Noticed Shayle's ghost (amateur DsRe)
  2437 | D:4      | Found a transporter.
  2455 | D:4      | Reached skill level 1 in Dodging
  2576 | D:4      | Found a transporter.
  2585 | D:4      | Noticed Menkaure
  2594 | D:4      | Killed Menkaure
  2595 | D:4      | Reached skill level 5 in Armour
  2598 | D:4      | HP: 2/49 [iguana (4)]
  2600 | D:4      | Reached XP level 7. HP: 2/55 MP: 7/7
  3046 | D:4      | Found a runed translucent door.
  3046 | D:4      | Noticed a human
  3050 | D:4      | Found a basalt altar of Yredelemnul.
  3282 | D:5      | Entered Level 5 of the Dungeon
  3429 | D:5      | Noticed Pikel
  3435 | D:5      | Slain by a gnoll

Illustrated notes

Levels and vault maps discovered:
D:1:      minmay_arrival_hallway, layout_basic
D:2:      layout_rooms, serial_shops, shop
D:3:      layout_loops_ring
D:4:      layout_cave_pools, dk_yredelemnul_ordeal, gammafunk_ghost_arena,
          uniq_menkaure
D:5:      layout_cave_pools, mainiacjoe_overflow_alcove_4, elyvilon_altar_3,
          hellmonk_ghost_happy_afterlife, lemuel_flamethrower_2, uniq_pikel

Skill      XL: |  1  2  3  4  5  6 |
---------------+-------------------+-----
Armour         | 4 5 |  5.3
Fighting       | 4 |  4.8
Short Blades   | 1 2 |  2.7
Shields        | 5 |  5.4
Dodging        | 1 |  1.3
Axes           | |  2.7
Stealth        | |  0.3

Action                     |  1- 3 |  4- 6 |  7- 9 || total
---------------------------+-------+-------+-------++-------
  Melee: War axe           |    94 |       |       ||    94
         Short sword       |     7 |   118 |    13 ||   138
    Use: Scroll            |    10 |     5 |     2 ||    17
         Potion            |       |     2 |     1 ||     3
 Armour: Scale mail        |    69 |   143 |    17 ||   229
  Dodge: Dodged            |    52 |    74 |     4 ||   130
  Block: Buckler           |    24 |    50 |     7 ||    81

Table legend: (Time is in decaauts)
 A = Elapsed time spent in this place.
 B = Non-inter-level travel time spent in this place.
 C = Inter-level travel time spent in this place.
 D = Time resting spent in this place.
 E = Time spent auto-exploring this place.
 F = Levels seen in this place.
 G = Mean time per level.
                   A        B        C        D        E       F      G
               +--------+--------+--------+--------+--------+-----+--------+
         Total |   3540 |   3449 |     91 |    503 |   1955 |   5 |  708.0 |
       Dungeon |   3540 |   3449 |     91 |    503 |   1955 |   5 |  708.0 |
               +--------+--------+--------+--------+--------+-----+--------+

Top non-repeatable levels by time:
     D:4: 1402 daAuts
     D:1: 813 daAuts
     D:2: 676 daAuts
     D:3: 615 daAuts
     D:5: 33 daAuts
